 Dungeon Crawl Stone Soup version 0.19.1-1-g22dce08 (webtiles) character file.

191 N00B the Poker (level 5, -2/39 HPs)
             Began as a Mummy Gladiator on Jan 1, 2017.
             Was an Initiate of Yredelemnul.
             Slain by a goblin
             ... wielding a +0 dagger
             ... led by Robin
              (5 damage)
             ... on level 2 of the Dungeon.
             The game lasted 00:02:28 (2931 turns).

N00B the Poker (Mummy Gladiator)                    Turns: 2931, Time: 00:02:29

Health: -2/39      AC:  5    Str: 20    XL:     5   Next: 41%
Magic:  5/5        EV: 12    Int:  7    God:    Yredelemnul [......]
Gold:   59         SH:  0    Dex: 12    Spells: 0 memorised, 4 levels left

rFire  x . .     SeeInvis .     a - +0 trident
rCold  + . .     Gourm    .     b - +0 leather armour
rNeg   + + +     Faith    .     (no shield)
rPois  ∞         Spirit   .     c - +1 helmet
rElec  .         Reflect  .     (no cloak)
rCorr  .         Harm     .     (no gloves)
MR     .....                    (no boots)
Stlth  +.........               j - amulet of magic regeneration
                                (no ring)
                                (no ring)

@: no status effects
A: no food or potions, fire vulnerability, cold resistance 1, negative energy
resistance 3, torment resistance, unbreathing
a: Renounce Religion


You were on level 2 of the Dungeon.
You worshipped Yredelemnul.
Yredelemnul was noncommittal.
You were not hungry.

You visited 1 branch of the dungeon, and saw 3 of its levels.

You collected 59 gold pieces.

Inventory:

Hand Weapons
 a - a +0 trident (weapon)
Missiles
 d - 3 throwing nets (quivered)
Armour
 b - a +0 leather armour (worn)
 c - a +1 helmet (worn)
Jewellery
 j - an amulet of magic regeneration (around neck)
Wands
 i - a wand of polymorph (3/24)
 k - a wand of flame (17/48)
 l - a wand of confusion (4/48)
Scrolls
 e - a scroll of amnesia {unknown}
 f - 3 scrolls of identify
 g - 2 scrolls of remove curse
 h - a scroll of random uselessness {unknown}


   Skills:
 + Level 2.5 Fighting
 * Level 4.2 Polearms
 - Level 1.5 Throwing
 + Level 1.2 Armour
 + Level 3.0 Dodging
 * Level 0.6 Invocations


You had 4 spell levels left.
You didn't know any spells.

Dungeon Overview and Level Annotations

Branches:
Dungeon (3/15)

Altars:
Fedhas
Trog
Xom
Yredelemnul

Annotations:
D:2 Robin


Innate Abilities, Weirdness & Mutations

You do not eat or drink.
Your flesh is vulnerable to fire.
You are immune to poison.
Your flesh is cold resistant. (rC+)
You are immune to negative energy. (rN+++)
You are immune to unholy pain and torment.
You can survive without breathing.


Message History

You are too injured to fight recklessly!
You are too injured to fight recklessly!
You are too injured to fight recklessly!
Unknown command.
You are too injured to fight recklessly!
You are too injured to fight recklessly!
You puncture the gnoll!
You kill the gnoll!
Yredelemnul accepts your kill. The goblin hits you but does no damage.
You barely miss the hobgoblin. The hobgoblin hits you with a club.
* * * LOW HITPOINT WARNING * * *
The goblin hits you with a dagger.
* * * LOW HITPOINT WARNING * * *
Unknown command.
You closely miss the goblin.
The hobgoblin hits you but does no damage.
The goblin hits you with a dagger.
You die...
Yredelemnul claims you as an undead slave.

*,,,* *,* *.# *,,,* *,* *.#
**,,,* *,* *.# ,,,,,****
*,* *.#
,,,,,,,,***,**###.#********
,,,,,,,,,,*,,,,.(.,,,,,,,,*
,,,,,,,,,,,****#(#******,**
,,*****,*,,* #g#,*****,**
,,* **,,,,,* #@#,,,,,,,,*
,,* *,,,,,,* #g#,********
,,* *,,*,,,* #g#,*****
#####.#_#..#####(#,,,,,*
.......#,g..g...g#****,*
#.###...,..#####.# *,* #.#
******,* #.# *,* #.# *,*
#.# *,* #<# *,****#.#****,*


You could see Robin, a hobgoblin and 2 goblins.

Vanquished Creatures
  The ghost of markt42 the Covered, an amateur GrFi (D:3)
  Ijyb (D:2)
  3 gnolls (D:2)
  2 adders (D:3)
  A dart slug (D:3)
  2 giant cockroaches (D:2)
  11 goblins
  8 hobgoblins
  3 jackals (D:1)
  4 kobolds (D:1)
  4 bats
  A frilled lizard (D:1)
  8 rats
49 creatures vanquished.

Notes
Turn   | Place    | Note
-------+----------+-------------------------------------------
     0 | D:1      | N00B the Mummy Gladiator began the quest for the Orb.
     0 | D:1      | Reached XP level 1. HP: 16/16 MP: 1/1
   585 | D:1      | Reached XP level 2. HP: 14/22 MP: 2/2
  1076 | D:2      | Noticed Ijyb
  1093 | D:2      | Killed Ijyb
  1093 | D:2      | Reached skill level 3 in Polearms
  1093 | D:2      | Reached XP level 3. HP: 17/27 MP: 3/3
  1384 | D:2      | Found a faded altar of an unknown god.
  1431 | D:2      | Found a bloodstained altar of Trog.
  1812 | D:3      | Noticed markt42's ghost (amateur GrFi)
  1827 | D:3      | Killed markt42's ghost
  1827 | D:3      | Reached skill level 4 in Polearms
  1827 | D:3      | Reached skill level 1 in Armour
  1827 | D:3      | Reached XP level 4. HP: 2/34 MP: 4/4
  1827 | D:3      | Reached XP level 5. HP: 3/39 MP: 5/5
  2313 | D:3      | Found a basalt altar of Yredelemnul.
  2326 | D:3      | Became a worshipper of Yredelemnul the Dark
  2460 | D:3      | Found a blossoming altar of Fedhas.
  2739 | D:3      | Found a shimmering altar of Xom.
  2881 | D:2      | Noticed Robin
  2931 | D:2      | Slain by a goblin

Skill      XL: |  1  2  3 |
---------------+----------+-----
Polearms       | 3 4 |  4.2
Armour         | 1 |  1.2
Dodging        | 3 |  3.0
Fighting       | |  2.5
Throwing       | |  1.5
Invocations    | |  0.6

Action                   |  1- 3 |  4- 6 || total
-------------------------+-------+-------++-------
Melee: Trident           |   122 |    45 ||   167
Evoke: Wand              |       |     7 ||     7
  Use: Scroll            |     4 |       ||     4
 Stab: Distracted        |     1 |       ||     1
       Sleeping          |     1 |       ||     1
       Confused          |       |     2 ||     2
Armor: Leather armour    |    31 |    14 ||    45
Dodge: Dodged            |    76 |    20 ||    96
